 Dungeon Crawl Stone Soup version 0.29.1-1-gd02db6906a (webtiles) character file.

Game seed: 10944051905515250840

170 KatarinaDamacy the Ruffian (level 5, -15/50 HPs)
             Began as a Troll Monk on Sept 27, 2022.
             Demolished by an ogre
             ... wielding a +0 giant spiked club
              (30 damage)
             ... on level 4 of the Dungeon.
             The game lasted 00:06:52 (2526 turns).

KatarinaDamacy the Ruffian (Troll Monk)             Turns: 2526, Time: 00:06:53

Health: -15/50     AC:  4    Str: 21    XL:     5   Next: 26%
Magic:  4/4        EV: 10    Int:  6    God:
Gold:   275        SH:  0    Dex: 12    Spells: 4/4 levels left

rFire   . . .      SeeInvis .     - Unarmed
rCold   . . .      Faith    .   (no shield)
rNeg    + . .      Spirit   .   a - +0 robe
rPois   .          Reflect  .   (helmet restricted)
rElec   .          Harm     .   (no cloak)
rCorr   .          Rampage  .   (gloves unavailable)
Will    .....                   (boots unavailable)
Stlth   ++........              k - amulet of Weosas {RegenMP rN+ Slay+3}
HPRegen 0.96/turn               (no ring)
MPRegen 0.49/turn               (no ring)

@: no status effects
A: large, unfitting armour, claws 3, regeneration 1, shaggy fur 1, tough skin 1
a: no special abilities


You were on level 4 of the Dungeon.
You visited 1 branch of the dungeon, and saw 4 of its levels.

You collected 275 gold pieces.

Inventory:

Armour
 a - a +0 robe (worn)
Jewellery
 k - the amulet of Weosas (around neck) {RegenMP rN+ Slay+3}
   (You found it on level 3 of the Dungeon)

   [amulet of magic regeneration]

   It increases your rate of magic regeneration.
   Slay:      It affects your accuracy & damage with ranged weapons and melee
   (+3).
   rN:        It protects you from negative energy.
Scrolls
 i - a scroll of teleportation {unknown}
 l - a scroll of magic mapping
 n - a scroll of silence
Potions
 b - a potion of ambrosia
 c - a potion of might
 d - 2 potions of curing
 e - a potion of attraction
 f - a potion of mutation {unknown}
 g - a potion of invisibility {unknown}
 h - a potion of brilliance {unknown}
 j - a potion of degeneration {unknown}


   Skills:
 + Level 2.7 Fighting
 + Level 3.0 Dodging
 + Level 1.2 Stealth
 * Level 5.2 Unarmed Combat


You had 4 spell levels left.
You didn't know any spells.
Your spell library contained the following spells:

 Spells                   Type           Power      Damage    Failure   Level
 Foxfire                  Conj/Fire      0%         2x1d4     45%         1
 Call Imp                 Summ           0%         N/A       58%         2
 Static Discharge         Conj/Air       0%         3-3/arc   58%         2
 Sublimation of Blood     Necr           0%         N/A       58%         2
 Wereblood                Tmut           0%         N/A       58%         2
 Conjure Flame            Conj/Fire      0%         6-21      83%         3
 Inner Flame              Hex/Fire       0%         N/A       83%         3
 Tukima's Dance           Hex            0%         N/A       83%         3
 Flame Wave               Conj/Fire      0%         2d4       99%         4
 Hailstorm                Conj/Ice       0%         3d3       99%         4
 Passage of Golubria      Tloc           0%         N/A       99%         4
 Fireball                 Conj/Fire      0%         3d3       100%        5
 Lightning Bolt           Conj/Air       0%         1d11      100%        5
 Yara's Violent Unravell  Hex/Tmut       0%         3d3       100%        5
 Summon Hydra             Summ           0%         N/A       100%        7
 Maxwell's Capacitive Co  Air            0%         ∞         100%        8
 Fire Storm               Conj/Fire      0%         5d1       100%        9


Dungeon Overview and Level Annotations

Branches:
Dungeon (4/15)
 Temple: D:4-7

Altars:
Gozag
Vehumet

Shops:
D:2 :

Annotations:
D:4 Eustachio


Innate Abilities, Weirdness & Mutations

You are too large for most types of armour.
You have claws for hands.
Your natural rate of healing is unusually fast.
You are covered in fur. (AC +1)
You have tough skin. (AC +1)


Message History

No target in view!
No target in view!
No target in view!
No target in view!
No target in view!
No target in view!
No target in view!
No target in view!
No target in view!
No target in view!
No target in view!
No target in view!
HP restored.
An ogre comes into view. It is wielding a +0 giant spiked club.
The ogre shouts!
The ogre moves out of view.
No target in view!
Eustachio the Magnificent comes into view.
He is wielding a +0 falchion and carrying a wand of digging (1).
Eustachio shouts!
Found a scroll of identify.
Eustachio yells, "Perjured traitor, DIE!"
The ogre misses you.
You barely miss the ogre. You claw the ogre!
The ogre is moderately wounded.
The ogre hits you with a +0 giant spiked club!
Eustachio hits you with a +0 falchion!
You scratch the ogre.
The ogre is heavily wounded.
You claw the ogre!
The ogre is severely wounded.
Eustachio hits you with a +0 falchion.
The ogre hits you with a +0 giant spiked club!
* * * LOW HITPOINT WARNING * * *
Eustachio gestures wildly while chanting.
Eustachio blinks!
The ogre attacks as you move away!
The ogre hits you with a +0 giant spiked club!!
Ouch! That really hurt!
You die...

.# #. .. ..###..
..... ..
...#...###..?.. #..
.#.............#
..........@....#
.....#.........
.............# .. .
#.......$....##..
#..##.@..........
....#O............
.....................
.....................
.....#....†).........
.##......†.).........
..
................!...
..
...##..###........#
.. ...###.
#..#>....## #


You could see Eustachio and an ogre.

Vanquished Creatures
  Jessica (D:2)
  An orc wizard (D:3)
  5 adders
  A worm (D:2)
  3 dart slugs
  2 orcs (D:3)
  3 ball pythons
  11 endoplasms
  4 giant cockroaches
  8 goblins
  4 hobgoblins
  2 quokkas
  3 bats (D:1)
  4 frilled lizards (D:1)
  7 kobolds
  4 rats
63 creatures vanquished.

Notes
Turn   | Place    | Note
-------+----------+-------------------------------------------
     0 | D:1      | KatarinaDamacy the Troll Monk began the quest for the Orb.
     0 | D:1      | Reached XP level 1. HP: 22/22 MP: 0/0
   210 | D:1      | Reached XP level 2. HP: 24/29 MP: 1/1
   799 | D:1      | Reached XP level 3. HP: 36/36 MP: 2/2
  1063 | D:2      | Reached skill level 4 in Unarmed Combat
  1095 | D:2      | Found Qoacia's Book Shop.
  1195 | D:2      | Noticed Jessica
  1202 | D:2      | Killed Jessica
  1203 | D:2      | Reached XP level 4. HP: 41/44 MP: 3/3
  1226 | D:2      | Found a faded altar of an unknown god.
  1683 | D:2      | Found a radiant altar of Vehumet.
  1882 | D:3      | Found a radiant altar of Vehumet.
  1884 | D:3      | Found an opulent altar of Gozag.
  1962 | D:3      | Identified the amulet of Weosas {RegenMP rN+ Slay+3}
  2203 | D:3      | Reached skill level 5 in Unarmed Combat
  2203 | D:3      | Reached XP level 5. HP: 37/50 MP: 4/4
  2400 | D:4      | Got the Precepts of Congregated Conflict
  2515 | D:4      | Noticed an ogre
  2517 | D:4      | Noticed Eustachio
  2526 | D:4      | Demolished by an ogre

Illustrated notes

Levels and vault maps discovered:
D:1:      zelgadis_glass_arrival_small, layout_loops_corners,
          minmay_misc_feat_roman, st_stairs_6, serial_bayou_pond_c,
          minmay_indecisive_spiral
D:2:      layout_basic, chequers_ecumenical_altar_twisty, basic_altar,
          serial_shops, shop, uniq_jessica
D:3:      layout_loops_ring, jmf_multi_god_temple, serial_glass,
          glass_columns_b, glass_columns_b, feat_on_display
D:4:      layout_cave_pools, old_standard_altar, patterned_corridor,
          uniq_eustachio

Skill      XL: |  1  2  3  4 |
---------------+-------------+-----
Unarmed Combat | 4 5 |  5.2
Dodging        | 3 |  3.0
Fighting       | |  2.7
Stealth        | |  1.2

Action                   |  1- 3 |  4- 6 || total
-------------------------+-------+-------++-------
Melee: Unarmed           |    88 |    81 ||   169
       Punch             |     2 |     2 ||     4
  Use: Scroll            |     4 |     4 ||     8
 Stab: Sleeping          |     2 |     3 ||     5
Armor: Robe              |    22 |    24 ||    46
Dodge: Dodged            |    28 |    30 ||    58
